 Dungeon Crawl Stone Soup version 0.16.1-30-g34a7ffa (webtiles) character file.

243 Mysteryquy the Ruffian (level 6, -2/51 (53) HPs)
             Began as a Ghoul Monk on June 25, 2015.
             Slain by ghwc's ghost (8 damage)
             ... on level 3 of the Dungeon.
             The game lasted 00:04:53 (2128 turns).

Mysteryquy the Ruffian (Ghoul Monk)                 Turns: 2128, Time: 00:04:53

HP:   -2/51 (53)    AC:  3    Str: 15    XL:     6   Next: 9%
MP:   5/5           EV: 13    Int:  5    God:
Gold: 87            SH:  0    Dex: 13    Spells: 0 memorised, 5 levels left

rFire  . . .     SeeInvis .       - Unarmed
rCold  + . .     Clarity  .     a - +0 robe
rNeg   + + +     SustAb   .     (no shield)
rPois  ∞         Gourm    .     (no helmet)
rElec  .         Spirit   .     d - +0 cloak
rCorr  .         Warding  .     (no gloves)
rMut   .         Stasis   .     (no boots)
MR     .....                    (no amulet)
Stlth  ++........               (no ring)
                                (no ring)

@: rotting, not resistant to hostile enchantments, unstealthy
A: rotting body, claws 1, carnivore 3, cold resistance 1, negative energy
resistance 3, poison resistance, slow healing 1, torment resistance, unbreathing
a: no special abilities


You were on level 3 of the Dungeon.
You were not hungry.

You visited 1 branch of the dungeon, and saw 3 of its levels.

You collected 87 gold pieces.

Inventory:

Armour
 a - a +0 robe (worn)
 d - a +0 cloak (worn)
Jewellery
 j - an uncursed ring of magical power {unknown}
Magical devices
 s - a wand of random effects (6)
Scrolls
 b - 4 scrolls of identify {unknown}
 c - a scroll of enchant weapon {unknown}
 g - a scroll of remove curse {unknown}
 h - a scroll of amnesia {unknown}
 l - a scroll of recharging {unknown}
 m - a scroll of enchant armour {unknown}
 o - a scroll of immolation {unknown}
 q - a scroll of teleportation {unknown}
Potions
 e - 2 potions of curing {unknown}
 i - a potion of flight {unknown}
 k - 2 potions of restore abilities {unknown}
 r - a potion of heal wounds {unknown}
Comestibles
 f - a beef jerky
 n - a meat ration
 p - a slice of pizza


   Skills:
 + Level 4.3 Fighting
 + Level 3.8 Dodging
 - Level 2.1 Stealth
 * Level 6.5 Unarmed Combat


You had 5 spell levels left.
You didn't know any spells.

Dungeon Overview and Level Annotations

Branches:
Dungeon (3/15)

Altars:
Ashenzari
Makhleb
The Shining One

Annotations:
D:3 ghwc's ghost, average SpWn


Innate Abilities, Weirdness & Mutations

Your body is rotting away.
You thrive on raw meat.
You have sharp fingernails.
You are carnivorous and can eat meat at any time.
Your flesh is cold resistant.
You are immune to negative energy.
Your system is resistant to poisons.
You heal slowly when monsters are visible.
You are immune to unholy pain and torment.
You can survive without breathing.


Message History

* * * LOW HITPOINT WARNING * * *
Ghwc's ghost closely misses you. Ghwc's ghost barely misses you.
Press: ? - help, v - describe, . - travel
Here: ghwc's ghost (moderately damaged)
The floor.
There are monsters nearby!
Press: ? - help, v - describe, . - travel
Here: ghwc's ghost (moderately damaged)
The floor.
Ghwc's ghost flicks its blade from hand to hand, faster than the eye can follow.
Ghwc's ghost hits you.
* * * LOW HITPOINT WARNING * * *
Ghwc's ghost closely misses you.
The ooze jiggles.
Ghwc's ghost says very slowly, "There's no hope."
Ghwc's ghost closely misses you. Ghwc's ghost barely misses you.
Ghwc's ghost hits you!
You die...

#.............##......#..'..#..#.
#.............##......####..#####
..............##.................
##.........J........###########..
........................ ####..
........................# #.....
................%.......##.....
###...........................
.....#.###.W@.............#..
.........###................
........ .......#...#.... .......
.......#........ #.....
.......#......†. ##... ......
#........ #... ..... #........ .
.... ..#........ . #..........


You could see an ooze and ghwc's ghost.

Vanquished Creatures
  Sigmund (D:3)
  A hound (D:3)
  Ijyb (D:3)
  Jessica (D:2)
  Terence (D:3)
  An adder (D:2)
  4 worms
  2 giant geckos
  2 oozes (D:1)
  2 orcs (D:3)
  9 bats
  2 giant cockroaches
  11 hobgoblins
  11 kobolds
  2 giant newts
  5 goblins
  5 rats
61 creatures vanquished.

Notes
Turn   | Place    | Note
--------------------------------------------------------------
     0 | D:1      | Mysteryquy, the Ghoul Monk, began the quest for the Orb.
     0 | D:1      | Reached XP level 1. HP: 19/19 MP: 1/1
   227 | D:1      | Reached XP level 2. HP: 17/26 MP: 2/2
   558 | D:2      | Reached skill level 5 in Unarmed Combat
   580 | D:2      | Reached XP level 3. HP: 26/30 MP: 3/3
   789 | D:2      | Noticed Jessica
   797 | D:2      | Killed Jessica
   797 | D:2      | Reached XP level 4. HP: 31/38 MP: 3/3
  1137 | D:2      | Found a shattered altar of Ashenzari.
  1160 | D:2      | Found a glowing golden altar of the Shining One.
  1515 | D:3      | Noticed Ijyb
  1532 | D:3      | Killed Ijyb
  1575 | D:3      | Noticed Terence
  1599 | D:3      | Killed Terence
  1599 | D:3      | Reached XP level 5. HP: 31/42 MP: 4/4
  1684 | D:3      | Noticed Sigmund
  1702 | D:3      | Killed Sigmund
  1702 | D:3      | Reached skill level 6 in Unarmed Combat
  1845 | D:3      | Reached XP level 6. HP: 30/49 MP: 5/5
  1859 | D:3      | Found a burning altar of Makhleb.
  2100 | D:3      | Noticed ghwc's ghost (average SpWn)
  2128 | D:3      | Slain by ghwc's ghost

Action                   |  1- 3 |  4- 6 || total
-------------------------+-------+-------++-------
Melee: Unarmed           |    89 |   127 ||   216
 Stab: Sleeping          |     4 |     3 ||     7
  Eat: Chunk             |       |     4 ||     4
